 Dungeon Crawl Stone Soup version 0.29.0-11-gd7f09526c8 (webtiles) character file.

Game seed: 15621236625863246557

264 Flugkiller the Chopper (level 5, 0/48 HPs)
             Began as a Minotaur Fighter on Sept 6, 2022.
             Slain by an ogre
             ... wielding a +0 giant club
              (13 damage)
             ... on level 4 of the Dungeon.
             The game lasted 00:01:13 (2922 turns).

Flugkiller the Chopper (Minotaur Fighter)           Turns: 2922, Time: 00:01:14

Health: 0/48       AC: 12    Str: 20    XL:     5   Next: 98%
Magic:  4/4        EV:  5    Int:  5    God:
Gold:   109        SH:  4    Dex: 12    Spells: 4/4 levels left

rFire   . . .      SeeInvis .   a - +0 war axe
rCold   . . .      Faith    .   c - +0 buckler
rNeg    . . .      Spirit   .   r - +0 plate armour
rPois   .          Reflect  .   (helmet restricted)
rElec   .          Harm     .   (no cloak)
rCorr   .          Rampage  .   (no gloves)
Will    .....                   (no boots)
Stlth   ..........              h - amulet of regeneration
HPRegen 0.96/turn               (no ring)
MPRegen 0.09/turn               (no ring)

@: no status effects
A: horns 2, retaliatory headbutt
a: no special abilities


You were on level 4 of the Dungeon.
You visited 1 branch of the dungeon, and saw 4 of its levels.

You collected 109 gold pieces.

Inventory:

Hand Weapons
 a - a +0 war axe (weapon)
Armour
 b - a +0 scale mail
 c - a +0 buckler (worn)
 r - a +0 plate armour (worn)
   (You found it on level 3 of the Dungeon)
Jewellery
 g - a ring of flight
   (You found it on level 1 of the Dungeon)
 h - an amulet of regeneration (around neck)
   (You found it on level 1 of the Dungeon)
 t - an amulet of the acrobat
   (You found it on level 4 of the Dungeon)
 u - an amulet of guardian spirit
   (You found it on level 4 of the Dungeon)
Scrolls
 e - 2 scrolls of teleportation {unknown}
 f - 3 scrolls of identify {unknown}
 i - 2 scrolls of immolation {unknown}
 k - 2 scrolls of enchant weapon {unknown}
 q - 2 scrolls of torment {unknown}
Potions
 d - 2 potions of might
 j - a potion of degeneration {unknown}
 l - a potion of resistance {unknown}
 m - a potion of brilliance {unknown}
 n - a potion of haste {unknown}
 o - 3 potions of curing {unknown}
 p - a potion of lignification {unknown}
 s - a potion of heal wounds {unknown}


   Skills:
 + Level 5.1 Fighting
 * Level 5.6 Axes
 + Level 5.1 Armour
 - Level 3.6 Shields


You had 4 spell levels left.
You didn't know any spells.
Your spell library was empty.

Dungeon Overview and Level Annotations

Branches:
Dungeon (4/15)
 Temple: D:4-7

Altars:
Ashenzari
Trog


Innate Abilities, Weirdness & Mutations

You have a pair of horns on your head.
You reflexively headbutt those who attack you in melee.


Message History

You hit the ice beast.
The ice beast is almost dead.
The ice beast barely misses you.
The ice beast hits you but does no damage.
You hit the ice beast but do no damage.
You headbutt the ice beast, but do no damage.
The ice beast is almost dead.
The ice beast hits you but does no damage.
You barely miss the ice beast. You headbutt the ice beast.
The ice beast is almost dead.
The ice beast barely misses you. You furiously retaliate!
You headbutt the ice beast.
You kill the ice beast!
Your Axes skill increases to level 5!
You have reached level 5!
Found 9 stones.
t - an amulet of the acrobat You see here a +0 rapier.
o - 2 yellow potions (gained 1)
A scorpion comes into view.
The scorpion moves out of view.
The scorpion stings you but does no damage.
You hit the scorpion.
The scorpion is lightly wounded.
The scorpion barely misses you.
You slash the scorpion!
The scorpion is heavily wounded.
The scorpion stings you but does no damage.
You closely miss the scorpion.
The scorpion is heavily wounded.
The scorpion barely misses you.
The scorpion stings you but does no damage.
You completely miss the scorpion. You headbutt the scorpion.
The scorpion is severely wounded.
The scorpion stings you but does no damage. x2
You closely miss the scorpion. Your headbutt misses the scorpion.
The scorpion is heavily wounded.
The scorpion stings you but does no damage.
You slash the scorpion!
You kill the scorpion!
Your Fighting skill increases to level 5!
Your Armour skill increases to level 5!
Found a stone staircase leading down.
A hobgoblin comes into view.
Found a glowing copper amulet.
The hobgoblin shouts!
An endoplasm comes into view.
Found a mace.
The endoplasm quivers.
You hit the hobgoblin.
The hobgoblin is heavily wounded.
The hobgoblin hits you but does no damage.
You closely miss the hobgoblin.
The hobgoblin is heavily wounded.
You hit the endoplasm but do no damage. The hobgoblin barely misses you.
The endoplasm hits you but does no damage.
You hit the hobgoblin.
You kill the hobgoblin!
You hit the endoplasm.
You kill the endoplasm!
No target in view!
No target in view!
No target in view!
No target in view!
No target in view!
No target in view!
u - an amulet of guardian spirit
o - 3 yellow potions (gained 1)
You open the door.
There is an open door here.
There is a stone staircase leading down here.
You open the door.
An ogre comes into view. It is wielding a +0 giant club.
An ogre is nearby!
An ogre is nearby!
An ogre is nearby!
There is an open door here.
You slash the ogre!
The ogre is moderately wounded.
The ogre hits you with a +0 giant club!
You barely miss the ogre.
The ogre is moderately wounded.
You block the ogre's attack.
You barely miss the ogre.
The ogre is moderately wounded.
You barely miss the ogre.
The ogre is moderately wounded.
The ogre hits you but does no damage.
You hit the ogre.
The ogre is heavily wounded.
The ogre hits you with a +0 giant club.
You hit the ogre.
The ogre is heavily wounded.
The ogre hits you with a +0 giant club!!
* * * LOW HITPOINT WARNING * * *
You are too injured to fight recklessly!
You hit the ogre.
The ogre is severely wounded.
The ogre hits you with a +0 giant club!
You die...

# #......[.##### # #........#
#......### ## #......# ###.
#..÷...####..÷ # ##.......#...#.
## ## . ##...####...###.
.#####.......#####...........# #.
......... #...O@'...........# #.
)###.#.#.#########...........# #.
.....#.......................# #.
.....#................##########.
.....#................# #.......
......................# #.......
#.....................####.......
#......[.........................
#....##..........................


You could see an ogre.

Vanquished Creatures
  An ice beast (D:4)
  A scorpion (D:4)
  4 adders (D:2)
  A worm (D:3)
  3 dart slugs
  2 ball pythons (D:3)
  7 bats
  12 endoplasms
  4 giant cockroaches
  7 hobgoblins
  2 jackals (D:1)
  2 quokkas
  4 frilled lizards
  6 goblins
  4 kobolds
  8 rats
68 creatures vanquished.

Notes
Turn   | Place    | Note
-------+----------+-------------------------------------------
     0 | D:1      | Flugkiller the Minotaur Fighter began the quest for the
                  | Orb.
     0 | D:1      | Reached XP level 1. HP: 19/19 MP: 0/0
   187 | D:1      | Reached XP level 2. HP: 25/27 MP: 1/1
   212 | D:1      | Found a faded altar of an unknown god.
   674 | D:1      | Reached XP level 3. HP: 31/33 MP: 2/2
  1613 | D:2      | Reached XP level 4. HP: 41/41 MP: 3/3
  2014 | D:3      | Found a bloodstained altar of Trog.
  2659 | D:4      | Found a broken altar of Ashenzari.
  2760 | D:4      | Noticed an ice beast
  2771 | D:4      | Killed an ice beast
  2772 | D:4      | Reached skill level 5 in Axes
  2772 | D:4      | Reached XP level 5. HP: 47/47 MP: 4/4
  2826 | D:4      | Reached skill level 5 in Fighting
  2826 | D:4      | Reached skill level 5 in Armour
  2913 | D:4      | Noticed an ogre
  2922 | D:4      | Slain by an ogre

Illustrated notes

Levels and vault maps discovered:
D:1:      dpeg_arrival_boxes_within_box, layout_basic,
          ebering_ecumenical_altar_petrified
D:2:      layout_basic, minmay_cut_off
D:3:      layout_basic, mainiacjoe_overflow_paths
D:4:      kennysheep_six_static_rooms, layout_basic,
          ashenzari_conservatory_becter, nrook_uturn

Skill      XL: |  1  2  3  4  5 |
---------------+----------------+-----
Axes           | 3 4 5 |  5.6
Fighting       | 4 5 |  5.1
Armour         | 4 5 |  5.1
Shields        | |  3.6

Action                   |  1- 3 |  4- 6 || total
-------------------------+-------+-------++-------
Melee: War axe           |    97 |    58 ||   155
       Headbutt          |    11 |    12 ||    23
Armor: Scale mail        |    49 |     4 ||    53
       Plate armour      |       |    19 ||    19
Dodge: Dodged            |    36 |    22 ||    58
Block: Buckler           |    18 |     7 ||    25
